 Dungeon Crawl Stone Soup version 0.29.1-13-g9f3cf754e1 (webtiles) character file.

Game seed: 6742878159356784714

20 cheesebisquit the Digger (level 2, -2/15 HPs)
             Began as a Gargoyle Earth Elementalist on Jan 25, 2023.
             Slain by Terence
             ... wielding a +0 trident
              (5 damage)
             ... on level 2 of the Dungeon.
             The game lasted 00:02:53 (753 turns).

cheesebisquit the Digger (GrEE)                      Turns: 753, Time: 00:02:53

Health: -2/15      AC:  4    Str: 11    XL:     2   Next: 79%
Magic:  5/5        EV: 11    Int: 15    God:
Gold:   51         SH:  0    Dex: 10    Spells: 5/6 levels left

rFire   . . .      SeeInvis .   d - +3 hand axe
rCold   . . .      Faith    .   (no shield)
rNeg    + . .      Spirit   .   a - +0 robe
rPois   ∞          Reflect  .   (no helmet)
rElec   +          Harm     .   (no cloak)
rCorr   .          Rampage  .   (no gloves)
Will    .....                   (no boots)
Stlth   ++........              (no amulet)
HPRegen 0.05/turn               (no ring)
MPRegen 0.09/turn               (no ring)

@: no status effects
A: sickness immunity, AC +2, negative energy resistance 1, electricity
resistance, torment resistance 1, petrification resistance
a: no special abilities


You were on level 2 of the Dungeon.
You visited 1 branch of the dungeon, and saw 2 of its levels.

You collected 51 gold pieces.

Inventory:

Hand Weapons
 d - a +3 hand axe (weapon)
Armour
 a - a +0 robe (worn)
Scrolls
 c - a scroll of blinking {unknown}
 g - 3 scrolls of teleportation {unknown}
Potions
 b - a potion of magic
 e - a potion of invisibility {unknown}
 f - a potion of mutation {unknown}


   Skills:
 - Level 1.5 Dodging
 - Level 2.1 Stealth
 + Level 2.5 Spellcasting
 - Level 0.7 Transmutations
 + Level 4.2 Earth Magic


You had 5 spell levels left.
You knew the following spells:

 Your Spells              Type           Power      Damage    Failure   Level
a - Sandblast             Erth           28%        2d8       3%          1

Your spell library contained the following spells:

 Spells                   Type           Power      Damage    Failure   Level
 Passwall                 Tmut/Erth      7%         N/A       12%         2
 Stone Arrow              Conj/Erth      16%        3d8       26%         3
 Petrify                  Tmut/Erth      9%         N/A       58%         4


Dungeon Overview and Level Annotations

Branches:
Dungeon (2/15)

Altars:

Annotations:
D:2 Terence


Innate Abilities, Weirdness & Mutations

You are immune to sickness and miasma.
Your stone body is resilient. (AC +2)
You are immune to poison.
You resist negative energy. (rN+)
You are resistant to electric shocks. (rElec)
You are resistant to unholy torment.
You are immune to petrification.


Message History

Moving in this stuff is going to be slow.
There is an open door here.
There is a stone staircase leading down here.
You climb downwards.
There is a stone staircase leading up here.
You climb upwards.
There is a stone staircase leading down here.
There is a stone staircase leading down here.
You climb downwards.
Found 4 stones.
There is a stone staircase leading up here.
You climb upwards.
There is a stone staircase leading down here.
There is an escape hatch in the floor here.
You slide downwards.
The hatch slams shut behind you.
Found a scale mail.
Terence the Incautious comes into view.
He is wielding a +0 trident and carrying a wand of digging (6).
Okay, then.
The blast of sand hits Terence but does no damage.
Terence shouts!
The blast of sand misses Terence.
Terence misses you. Terence barely misses you.
The blast of sand hits Terence but does no damage.
Terence hits you from afar with a +0 trident.
You are too injured to fight recklessly!
Aiming: Sandblast (safe; 3% risk of failure)
Press: ? - help, Q - select action Shift-Dir - straight line, f/p - Terence
Aim: Terence, wielding a +0 trident, wearing a +0 chain mail and carrying a wand of digging (6) (87% to hit)
The blast of sand hits Terence but does no damage.
Terence closely misses you. Terence barely misses you.
Aiming: Sandblast (safe; 3% risk of failure)
Press: ? - help, Q - select action Shift-Dir - straight line, f/p - Terence
Aim: Terence, wielding a +0 trident, wearing a +0 chain mail and carrying a wand of digging (6) (87% to hit)
The blast of sand hits Terence.
Terence is moderately wounded.
Terence hits you from afar with a +0 trident.
* * * LOW HITPOINT WARNING * * *
Magic courses through your body.
Terence hits you from afar with a +0 trident.
You die...

# #. ###.# #.....
#.....###
#......@#
#....@#.# #....
#.# #### #.# #.#
######### #.#
........# #.#
#######.## #.#
.........#####.##


You could see Terence.

Vanquished Creatures
  4 ball pythons (D:1)
  An endoplasm (D:1)
  A giant cockroach (D:1)
  A goblin (D:1)
  2 hobgoblins (D:1)
  2 quokkas (D:1)
  A frilled lizard (D:1)
  3 kobolds (D:1)
  2 rats (D:1)
17 creatures vanquished.

Notes
Turn   | Place    | Note
-------+----------+-------------------------------------------
     0 | D:1      | cheesebisquit the Gargoyle Earth Elementalist began the
                  | quest for the Orb.
     0 | D:1      | Reached XP level 1. HP: 10/10 MP: 3/3
   142 | D:1      | Reached XP level 2. HP: 15/15 MP: 0/5
   225 | D:1      | Reached skill level 4 in Earth Magic
   747 | D:2      | Noticed Terence
   753 | D:2      | Slain by Terence

Illustrated notes

Levels and vault maps discovered:
D:1:      tarquinn_simple_flora_water_c, layout_rooms,
          minmay_misc_feat_secret_circle
D:2:      layout_loops_ring, minmay_bisected, uniq_terence

Skill      XL: |  1  2 |
---------------+-------+-----
Earth Magic    | 4 |  4.2
Dodging        | |  1.5
Stealth        | |  2.1
Spellcasting   | |  2.5
Transmutations | |  0.7

Action                   || total
-------------------------++-------
 Cast: Sandblast         ||    27
  Use: Potion            ||     1
Armor: Robe              ||     1
Dodge: Dodged            ||     5
